 Dungeon Crawl Stone Soup version 0.28-a0-1286-g6bde065e89 (webtiles) character file.

Game seed: 7544917084626229824

520 rocketpapaya the Magician (level 7, -6/45 HPs)
             Began as a Djinni Fire Elementalist on Dec 26, 2021.
             Was a Priest of Elyvilon.
             Mangled by an orc warrior (13 damage)
             ... on level 5 of the Dungeon.
             The game lasted 00:17:54 (4609 turns).

rocketpapaya the Magician (DjFE)                    Turns: 4609, Time: 00:17:54

Health: -6/45      AC:  4    Str:  7    XL:     7   Next: 45%
Gold:   239        EV: 12    Int: 24    God:    Elyvilon [***...] SH:  0 Dex: 14

rFire   + + .      SeeInvis +   v - +6 war axe of Guewymao {flame, Int+6}
rCold   x . .      Faith    .   (no shield)
rNeg    . . .      Spirit   .   a - +0 robe
rPois   ∞          Reflect  .   f - +1 hat
rElec   .          Harm     .   (no cloak)
rCorr   .          Rampage  .   g - +0 pair of gloves
Will    .....                   (boots unavailable)
Stlth   ++........              (no amulet)
HPRegen 0.15/turn               q - ring of see invisible
MPRegen 0.00/turn               (no ring)

@: flying
A: sickness immunity, fire resistance 2, cold vulnerability 1, float, innate
caster, hp casting, extra vitality 1
a: Renounce Religion, Purification, Heal Other, Heal Self


You were on level 5 of the Dungeon.
You worshipped Elyvilon.
Elyvilon was most pleased with you.
You visited 1 branch of the dungeon, and saw 5 of its levels.

You collected 239 gold pieces.

Inventory:

Hand Weapons
 m - a +0 vorpal spear
 v - the +6 war axe of Guewymao (weapon) {flame, Int+6}
   (You took it off a gnoll on level 4 of the Dungeon)

   It burns those it strikes, dealing additional fire damage.
   Big, fiery blades are also staple armaments of hydra-hunters.
   Int:       It affects your intelligence (+6).
Armour
 a - a +0 robe (worn)
 f - a +1 hat (worn)
 g - a +0 pair of gloves (worn)
Magical Staves
 p - a staff of air
Jewellery
 q - a ring of see invisible (left hand)
Scrolls
 b - a scroll of holy word {unknown}
 c - 7 scrolls of identify {unknown}
 e - a scroll of noise {unknown}
 h - 3 scrolls of magic mapping {unknown}
 j - a scroll of acquirement {unknown}
 k - a scroll of immolation
 r - a scroll of enchant weapon {unknown}
 t - 2 scrolls of teleportation {unknown}
 w - a scroll of vulnerability {unknown}
 y - a scroll of enchant armour {unknown}
Potions
 d - a potion of berserk rage {unknown}
 i - a potion of cancellation {unknown}
 l - a potion of haste
 n - a potion of mutation {unknown}
 o - a potion of curing {unknown}
 s - a potion of attraction {unknown}
 u - 2 potions of lignification {unknown}
 x - a potion of heal wounds {unknown}


   Skills:
 + Level 1.5 Axes
 - Level 2.1 Dodging
 - Level 1.5 Stealth
 * Level 5.2 Spellcasting
 + Level 3.2 Invocations


You couldn't memorise any spells.
You knew the following spells:

 Your Spells              Type           Power      Damage    Failure   Level
a - Foxfire               Conj/Fire      100%       2x1d9     1%          1
b - Scorch                Fire           62%        2d8       1%          2
c - Conjure Flame         Conj/Fire      31%        6-21      3%          3
d - Inner Flame           Hex/Fire       31%        N/A       3%          3
e - Flame Wave            Conj/Fire      31%        2d7       10%         4
f - Animate Skeleton      Necr           62%        N/A       1%          1
g - Searing Ray           Conj           62%        2d6       1%          2
h - Call Imp              Summ           31%        N/A       1%          2
Your spell library was empty.

Dungeon Overview and Level Annotations

Branches:
Dungeon (5/15)
 Temple: D:4-7

Altars:
Elyvilon
Wu Jian
Zin


Innate Abilities, Weirdness & Mutations

You are immune to sickness and miasma.
You are immune to poison.
Your flesh is very heat resistant. (rF++)
You are vulnerable to cold. (rC-)
You float through the air rather than walking.
You learn spells naturally, not from books.
Your magical power is your life essence.
You have superior vitality. (+4 MHP)


Message History

The orc warrior is moderately wounded.
Casting: Foxfire (safe; 1% risk of failure)
Confirm with . or Enter, or press ? or * to list all spells.
Okay, then.
You barely miss the orc warrior.
The orc warrior is moderately wounded.
The foxfire hits the orc warrior but does no damage.
The orc warrior is moderately wounded.
You hit the orc warrior. You burn the orc warrior.
The orc warrior is heavily wounded.
The orc warrior misses you. The orc warrior closely misses you.
You hit the orc warrior. You burn the orc warrior.
The orc warrior is heavily wounded.
The orc warrior closely misses you.
You completely miss the orc warrior.
The orc warrior is heavily wounded.
The orc warrior hits you with a +0 mace.
The orc warrior hits you with a +0 mace!
You barely miss the orc warrior.
The orc warrior is heavily wounded.
The orc warrior closely misses you.
You hit the orc warrior. You burn the orc warrior.
The orc warrior is severely wounded.
The orc warrior hits you but does no damage.
You closely miss the orc warrior.
The orc warrior is severely wounded.
The orc warrior hits you with a +0 mace. x2
You closely miss the orc warrior.
The orc warrior is severely wounded.
The orc warrior hits you with a +0 mace.
You closely miss the orc warrior.
The orc warrior is severely wounded.
The orc warrior closely misses you.
The orc warrior hits you with a +0 mace!
* * * LOW HITPOINT WARNING * * *
Press: ? - help, Dir - move target, f - orc warrior Heal: an orc warrior, wielding a +0 mace and wearing a +0 chain mail (severely wounded, chance to pacify: 15%)
The light of Elyvilon fails to reach the orc warrior.
The orc warrior hits you with a +0 mace!
You die...

....... ......
..... #...
#.[.######
#.).....#
♣.≈#.......#
≈..≈≈....o..#
≈≈.♣≈#....@## ♣
..≈.....#.......
#.....#####.######
≈≈≈≈.. .# ≈≈≈♣.#
.. ≈.≈≈ .. .≈ ...
###


You could see an orc warrior.

Vanquished Creatures
  A kobold brigand (D:4)
  A scorpion (D:4)
  A gnoll sergeant (D:4)
  A jelly (D:4)
  Jessica (D:3)
  2 iguanas (D:4)
  A hound skeleton (D:4)
  5 adders
  8 gnolls (D:4)
  A howler monkey skeleton (D:4)
  5 worms
  A dart slug (D:1)
  3 orcs
  6 endoplasms
  A giant cockroach (D:2)
  5 goblins
  5 hobgoblins
  3 quokkas
  5 ball pythons
  3 bats
  3 frilled lizards (D:1)
  6 kobolds
  A rat (D:1)
69 creatures vanquished.

Vanquished Creatures (collateral kills)
  A quokka (D:2)
1 creature vanquished.

Vanquished Creatures (others)
  215 foxfires
  20 plants (D:4)
235 creatures vanquished.

Grand Total: 305 creatures vanquished

Notes
Turn   | Place    | Note
-------+----------+-------------------------------------------
     0 | D:1      | rocketpapaya the Djinni Fire Elementalist began the quest
                  | for the Orb.
     0 | D:1      | Reached XP level 1. HP: 15/15 MP: 0/0
   254 | D:1      | Reached XP level 2. HP: 20/21 MP: 0/0
   786 | D:1      | Reached skill level 3 in Spellcasting
   958 | D:2      | Reached XP level 3. HP: 22/25 MP: 0/0
   958 | D:2      | Learned a level 1 spell: Animate Skeleton
  1352 | D:2      | Found a faded altar of an unknown god.
  1411 | D:2      | Prayed at the altar of an unknown god.
  1411 | D:2      | Became a worshipper of Elyvilon the Healer
  1411 | D:2      | Reached * piety under Elyvilon
  1565 | D:2      | Reached XP level 4. HP: 28/31 MP: 0/0
  2233 | D:3      | Noticed Jessica
  2243 | D:3      | Killed Jessica
  2244 | D:3      | Reached skill level 1 in Invocations
  2244 | D:3      | Reached XP level 5. HP: 31/35 MP: 0/0
  2244 | D:3      | Learned a level 2 spell: Searing Ray
  2274 | D:3      | Reached ** piety under Elyvilon
  2286 | D:3      | Reached skill level 4 in Spellcasting
  2998 | D:4      | Noticed a kobold brigand
  3079 | D:4      | Reached *** piety under Elyvilon
  3256 | D:4      | Found a glowing silver altar of Zin.
  3273 | D:4      | Found an ornate altar of the Wu Jian Council.
  3405 | D:4      | Identified the +6 war axe of Guewymao {flame, Int+6}
  3457 | D:4      | Reached XP level 6. HP: 22/40 MP: 0/0
  3957 | D:4      | Reached skill level 1 in Axes
  3957 | D:4      | Reached skill level 5 in Spellcasting
  3957 | D:4      | Reached XP level 7. HP: 26/45 MP: 0/0
  3957 | D:4      | Learned a level 2 spell: Call Imp
  4586 | D:5      | Entered Level 5 of the Dungeon
  4609 | D:5      | Mangled by an orc warrior

Illustrated notes

Levels and vault maps discovered:
D:1:      dpeg_arrival_stonehenge_8_columns, layout_loops_ring, minivault_25,
          minmay_misc_feat_doors, minmay_pentomino_o2
D:2:      layout_loops_ring, hellmonk_ecumenical_altar_blasted
D:3:      layout_basic, uniq_jessica
D:4:      layout_basic, mainiacjoe_overflow_catwalk_spiral,
          nicolae_grassy_gnolls
D:5:      gammafunk_cloud_chamber, layout_rooms, gammafunk_ghost_cemetery,
          serial_rivers, chequers_serial_rivers_micro_c,
          chequers_serial_rivers_small_b, chequers_serial_rivers_room_b,
          chequers_serial_rivers_room_a, chequers_serial_rivers_large_b,
          chequers_serial_rivers_marsh, lightli_ossuary_entry_decrepit_ruins,
          chequers_decorated_corner, feat_on_display

Skill      XL: |  1  2  3  4  5  6  7 |
---------------+----------------------+-----
Spellcasting   | 3 4 5 |  5.2
Invocations    | 1 2 3 |  3.2
Axes           | 1 |  1.5
Dodging        | |  2.1
Stealth        | |  1.5

Action                   |  1- 3 |  4- 6 |  7- 9 || total
-------------------------+-------+-------+-------++-------
Melee: Club              |    28 |     5 |       ||    33
       Rapier            |       |    14 |       ||    14
       War axe           |       |     7 |    20 ||    27
 Cast: Foxfire           |    32 |    81 |    13 ||   126
       Animate Skeleton  |     1 |       |       ||     1
       Searing Ray       |       |     6 |       ||     6
       Conjure Flame     |       |     2 |       ||     2
Invok: Heal Self         |       |     2 |       ||     2
       Heal Other        |       |       |     1 ||     1
  Use: Potion            |       |     1 |       ||     1
 Stab: Sleeping          |     2 |     3 |     1 ||     6
Armor: Robe              |    14 |    10 |     3 ||    27
Dodge: Dodged            |    34 |    32 |    12 ||    78

Table legend: (Time is in decaauts)
 A = Elapsed time spent in this place.
 B = Non-inter-level travel time spent in this place.
 C = Inter-level travel time spent in this place.
 D = Time resting spent in this place.
 E = Time spent auto-exploring this place.
 F = Levels seen in this place.
 G = Mean time per level.
                   A        B        C        D        E       F      G
               +--------+--------+--------+--------+--------+-----+--------+
         Total |   4620 |   4455 |    165 |    760 |   2727 |   5 |  924.0 |
       Dungeon |   4620 |   4455 |    165 |    760 |   2727 |   5 |  924.0 |
               +--------+--------+--------+--------+--------+-----+--------+

Top non-repeatable levels by time:
     D:4: 1342 daAuts
     D:2: 1154 daAuts
     D:3: 1144 daAuts
     D:1: 952 daAuts
     D:5: 27 daAuts
